PL
ATLANTA SMOKE @ CHICAGO GOLD SOX
05/11/2021
 
TOP OF THE 1ST
Atlanta Smoke batting - Pitching for Chicago Gold Sox : RHP Raúl Areola
Pitching: RHP Raúl Areola
Batting: LHB Albert Morán 0-0: Ball
1-0: Swinging Strike
1-1: Called Strike
1-2: Strikes out swinging
Batting: RHB Cale Sutton 0-0: Ball
1-0: Foul Ball, location: 2F
1-1: Ball
2-1: Foul Ball, location: 2F
2-2: Ground out 2-3 (Groundball, 23)
Batting: LHB Mike Silver 0-0: SINGLE (Line Drive, 34)
Batting: RHB Bob Campbell 0-0: Called Strike
Mike Silver steals 2nd base
0-1: Swinging Strike
0-2: Ball
1-2: Ball
2-2: Strikes out swinging
Top of the 1st over - 0 run(s), 1 hit(s), 0 error(s), 1 left on base; Atlanta 0 - Chicago 0
BOTTOM OF THE 1ST
Chicago Gold Sox batting - Pitching for Atlanta Smoke : RHP Billy Tipton
Pitching: RHP Billy Tipton
Batting: LHB Noel Ballard 0-0: Ball
1-0: Ball
2-0: Called Strike
2-1: Called Strike
2-2: SINGLE (Line Drive, 7S)
Batting: LHB Do-hyung Nam 0-0: Ball
1-0: Ball
2-0: Called Strike
2-1: SINGLE (Line Drive, 89S)
Noel Ballard to second
Batting: LHB William Wise 0-0: Called Strike
0-1: Ball
1-1: Swinging Strike
1-2: Ball
2-2: Fly out, F6 (Popup, 6MD)
Batting: LHB Herman Hayes 0-0: Called Strike
0-1: DOUBLE (Flyball, 8LXD)
Noel Ballard scores
Do-hyung Nam to third
Runner from 3rd tries for Home, SAFE, throw made at trailing runner, OUT at third!
Batting: RHB Tyrone Scott 0-0: Called Strike
0-1: Ball
1-1: Ball
2-1: Called Strike
2-2: Ball
3-2: Foul Ball, location: 2F
3-2: Base on Balls
Batting: RHB Chris Smith 0-0: Ball
1-0: Foul Ball, location: 2F
1-1: Ball
2-1: Ball
3-1: Base on Balls
Tyrone Scott to second
Batting: RHB Pablo Trujillo 0-0: Fielders Choice at 2nd, 6-4 (Groundball, 6)
Bottom of the 1st over - 2 run(s), 3 hit(s), 0 error(s), 1 left on base; Atlanta 0 - Chicago 2
TOP OF THE 2ND
Atlanta Smoke batting - Pitching for Chicago Gold Sox : RHP Raúl Areola
Batting: LHB Armando Esparza 0-0: Ball
1-0: Ball
2-0: Foul Ball, location: 2F
2-1: Ball
3-1: Base on Balls
Batting: RHB Joe Craig 0-0: Foul Ball, location: 2F
0-1: Ball
1-1: Ball
2-1: Swinging Strike
2-2: Strikes out looking
Batting: RHB Jeremy Christensen 0-0: Ball
1-0: Swinging Strike
1-1: Called Strike
1-2: Foul Ball, location: 2F
1-2: Strikes out swinging
Batting: RHB Nathan Horton 0-0: Called Strike
0-1: Swinging Strike
0-2: Ball
1-2: Ball
2-2: Ball
3-2: Foul Ball, location: 2F
3-2: Foul Ball, location: 2F
3-2: SINGLE (Flyball, 89M)
Armando Esparza to second
Armando Esparza to third
Batting: LHB Bernardo Elías 0-0: Called Strike
0-1: Ball
1-1: Ball
2-1: Fly out, F7 (Line Drive, 7M)
Top of the 2nd over - 0 run(s), 1 hit(s), 0 error(s), 2 left on base; Atlanta 0 - Chicago 2
BOTTOM OF THE 2ND
Chicago Gold Sox batting - Pitching for Atlanta Smoke : RHP Billy Tipton
Batting: LHB Chris Hill 0-0: SOLO HOME RUN (Flyball, 8LXD), Distance : 434 ft
Batting: RHB David Edwards 0-0: Ball
1-0: Fly out, F4 (Popup, 3F)
Batting: LHB Noel Ballard 0-0: Ball
1-0: Foul Ball, location: 2F
1-1: Ball
2-1: Ball
3-1: Foul Ball, location: 2F
3-2: SINGLE (Line Drive, 8LS)
Batting: LHB Do-hyung Nam 0-0: Ball
1-0: Swinging Strike
1-1: Ball
2-1: Ball
Noel Ballard is caught stealing 2nd base
3-1: SOLO HOME RUN (Flyball, 89XD), Distance : 401 ft
Batting: LHB William Wise 0-0: Called Strike
0-1: Foul Ball, location: 2F
0-2: Fly out, F8 (Popup, 6D)
Bottom of the 2nd over - 2 run(s), 3 hit(s), 0 error(s), 0 left on base; Atlanta 0 - Chicago 4
TOP OF THE 3RD
Atlanta Smoke batting - Pitching for Chicago Gold Sox : RHP Raúl Areola
Batting: LHB Albert Morán 0-0: Called Strike
0-1: Ball
1-1: Ground out 4-3 (Groundball, 4)
Batting: RHB Cale Sutton 0-0: Fly out, F8 (Flyball, 8RS)
Batting: LHB Mike Silver 0-0: Foul Ball, location: 2F
0-1: Ball
1-1: Foul Ball, location: 2F
1-2: Ball
2-2: Ball
3-2: SINGLE (Line Drive, 4MD)
Batting: RHB Bob Campbell 0-0: Ball
1-0: Called Strike
1-1: Ball
2-1: SINGLE (Line Drive, 6MD)
Mike Silver to second
Batting: LHB Armando Esparza 0-0: Called Strike
0-1: Ground out 4-3 (Groundball, 4)
Top of the 3rd over - 0 run(s), 2 hit(s), 0 error(s), 2 left on base; Atlanta 0 - Chicago 4
BOTTOM OF THE 3RD
Chicago Gold Sox batting - Pitching for Atlanta Smoke : RHP Billy Tipton
Batting: LHB Herman Hayes 0-0: Foul Ball, location: 2F
0-1: Foul Ball, location: 2F
0-2: Ball
1-2: Fly out, F5 (Popup, 56S)
Batting: RHB Tyrone Scott 0-0: Swinging Strike
0-1: Called Strike
0-2: Ball
1-2: Ground out 4-3 (Groundball, 4)
Batting: RHB Chris Smith 0-0: Foul Ball, location: 2F
0-1: Foul Ball, location: 2F
0-2: Foul Ball, location: 2F
0-2: SINGLE (Groundball, 56D)
Batting: RHB Pablo Trujillo 0-0: Ball
1-0: Called Strike
1-1: Ball
2-1: Foul Ball, location: 2F
2-2: Foul Ball, location: 2F
2-2: Fielders Choice at 2nd, U6 (Groundball, 6M)
Bottom of the 3rd over - 0 run(s), 1 hit(s), 0 error(s), 1 left on base; Atlanta 0 - Chicago 4
TOP OF THE 4TH
Atlanta Smoke batting - Pitching for Chicago Gold Sox : RHP Raúl Areola
Batting: RHB Joe Craig 0-0: Foul Ball, location: 2F
0-1: Ball
1-1: Foul Ball, location: 2F
1-2: Strikes out swinging
Batting: RHB Jeremy Christensen 0-0: Ball
1-0: Called Strike
1-1: Foul Ball, location: 2F
1-2: Strikes out swinging
Batting: RHB Nathan Horton 0-0: Called Strike
0-1: Ground out 6-3 (Groundball, 6)
Top of the 4th over - 0 run(s), 0 hit(s), 0 error(s), 0 left on base; Atlanta 0 - Chicago 4
BOTTOM OF THE 4TH
Chicago Gold Sox batting - Pitching for Atlanta Smoke : RHP Billy Tipton
Batting: LHB Chris Hill 0-0: Ball
1-0: Ball
2-0: Ball
3-0: Called Strike
3-1: Foul Ball, location: 2F
3-2: Base on Balls
Batting: RHB David Edwards 0-0: Ball
1-0: Ball
2-0: Ball
3-0: Called Strike
3-1: Fielders Choice at 2nd, 1-6 (Groundball, 13S)
Batting: LHB Noel Ballard 0-0: Ball
1-0: Foul Ball, location: 2F
1-1: Foul Ball, location: 2F
1-2: Ball
2-2: Ball
3-2: Foul Ball, location: 2F
3-2: Foul Ball, location: 2F
3-2: Base on Balls
David Edwards to second
Pitching: RHP Jorge Cantú
Batting: LHB Do-hyung Nam 0-0: Foul Ball, location: 2F
0-1: Foul Ball, location: 2F
0-2: Fly out, F8 (Flyball, 8LXD)
Runner from 2nd tags up, SAFE at 3rd, no throw
Batting: LHB William Wise 0-0: Foul Ball, location: 2F
0-1: Ground out 4-3 (Groundball, 4)
Bottom of the 4th over - 0 run(s), 0 hit(s), 0 error(s), 2 left on base; Atlanta 0 - Chicago 4
TOP OF THE 5TH
Atlanta Smoke batting - Pitching for Chicago Gold Sox : RHP Raúl Areola
Batting: LHB Bernardo Elías 0-0: Fly out, F7 (Flyball, 78M)
Batting: LHB Albert Morán 0-0: Ball
1-0: Ball
2-0: SINGLE (Line Drive, 8RS)
Batting: RHB Cale Sutton Pickoff Throw to First - Error! E1
Albert Morán to second
0-0: Called Strike
0-1: Ball
1-1: Ball
2-1: Ball
3-1: Called Strike
3-2: Fly out, F8 (Flyball, 8RD)
Runner from 2nd tags up, SAFE at 3rd, no throw
Batting: LHB Mike Silver 0-0: Called Strike
0-1: Ball
1-1: Called Strike
1-2: Strikes out swinging
Top of the 5th over - 0 run(s), 1 hit(s), 1 error(s), 1 left on base; Atlanta 0 - Chicago 4
BOTTOM OF THE 5TH
Chicago Gold Sox batting - Pitching for Atlanta Smoke : RHP Jorge Cantú
Batting: LHB Herman Hayes 0-0: Called Strike
0-1: Ball
1-1: Foul Ball, location: 2F
1-2: SINGLE (Line Drive, 6M)
Batting: RHB Tyrone Scott 0-0: Ball
1-0: Called Strike
1-1: Ball
2-1: Ball
3-1: SINGLE (Groundball, 3D)
Herman Hayes to second
Throwing error, E9
Herman Hayes scores
Tyrone Scott to second
Batting: RHB Chris Smith 0-0: Fly out, F8 (Line Drive, 78XD)
Runner from 2nd tags up, SAFE at 3rd, no throw
Batting: RHB Pablo Trujillo 0-0: Called Strike
0-1: Ball
1-1: DOUBLE (Line Drive, 9LS)
Tyrone Scott scores
Batting: LHB Chris Hill 0-0: Called Strike
0-1: Foul Ball, location: 2F
0-2: Ground out 4-3 (Groundball, 4)
Pablo Trujillo to third
Batting: RHB David Edwards 0-0: Called Strike
0-1: Swinging Strike
0-2: Ball
1-2: Fly out, F8 (Flyball, 8RXD)
Bottom of the 5th over - 2 run(s), 3 hit(s), 1 error(s), 1 left on base; Atlanta 0 - Chicago 6
TOP OF THE 6TH
Atlanta Smoke batting - Pitching for Chicago Gold Sox : RHP Raúl Areola
Batting: RHB Bob Campbell 0-0: Called Strike
0-1: Foul Ball, location: 2F
0-2: Ball
1-2: Strikes out swinging
Batting: LHB Armando Esparza 0-0: Ball
1-0: Swinging Strike
1-1: Swinging Strike
1-2: Strikes out swinging
Batting: RHB Joe Craig 0-0: Ball
1-0: Called Strike
1-1: Ball
2-1: Swinging Strike
2-2: Strikes out looking
Top of the 6th over - 0 run(s), 0 hit(s), 0 error(s), 0 left on base; Atlanta 0 - Chicago 6
BOTTOM OF THE 6TH
Chicago Gold Sox batting - Pitching for Atlanta Smoke : RHP Jorge Cantú
Batting: LHB Noel Ballard 0-0: Ball
1-0: SINGLE (Groundball, 56D) (infield hit)
Batting: LHB Do-hyung Nam 0-0: Ball
1-0: Called Strike
1-1: Ball
2-1: SINGLE (Line Drive, 6)
Noel Ballard to second
Batting: LHB William Wise 0-0: Ball
Noel Ballard is caught stealing 3rd base
Do-hyung Nam to second
1-0: Ground out 4-3 (Groundball, 4M)
Do-hyung Nam to third
Batting: LHB Herman Hayes 0-0: Ball
1-0: Foul Ball, location: 2F
1-1: Ball
2-1: SINGLE (Groundball, 4M)
Do-hyung Nam scores
Pitching: LHP Roberto Aguirre
Batting: RHB Tyrone Scott 0-0: Called Strike
0-1: Ball
1-1: Ground out 4-3 (Groundball, 4)
Bottom of the 6th over - 1 run(s), 3 hit(s), 0 error(s), 1 left on base; Atlanta 0 - Chicago 7
TOP OF THE 7TH
Atlanta Smoke batting - Pitching for Chicago Gold Sox : RHP Raúl Areola
Batting: RHB Jeremy Christensen 0-0: Swinging Strike
0-1: Ground out 5-3 (Groundball, 56)
Batting: RHB Nathan Horton 0-0: Ball
1-0: Swinging Strike
1-1: Ball
2-1: Foul Ball, location: 2F
2-2: Ball
3-2: Strikes out swinging
Batting: LHB Bernardo Elías 0-0: Bunt for hit - play at first, batter OUT! 1-3
Top of the 7th over - 0 run(s), 0 hit(s), 0 error(s), 0 left on base; Atlanta 0 - Chicago 7
BOTTOM OF THE 7TH
Chicago Gold Sox batting - Pitching for Atlanta Smoke : LHP Roberto Aguirre
Batting: RHB Chris Smith 0-0: Ball
1-0: Foul Ball, location: 2F
1-1: Foul Ball, location: 2F
1-2: Foul Ball, location: 2F
1-2: Ball
2-2: Ball
3-2: Base on Balls
Batting: RHB Pablo Trujillo 0-0: Ground out 5-3 (Groundball, 56S)
Chris Smith to second
Batting: LHB Chris Hill 0-0: Ball
1-0: SINGLE (Groundball, 34D)
Chris Smith to third
Runner from 3rd tries for Home, SAFE, throw made home
Batting: RHB David Edwards 0-0: Ball
1-0: Called Strike
1-1: Foul Ball, location: 2F
1-2: Ground out 5-3 (Groundball, 5S)
Chris Hill to second
Batting: LHB Noel Ballard 0-0: Ball
1-0: Foul Ball, location: 2F
1-1: Called Strike
1-2: Ball
2-2: Ball
3-2: Foul Ball, location: 2F
3-2: Foul Ball, location: 2F
3-2: Base on Balls
Batting: LHB Do-hyung Nam 0-0: Ball
1-0: Ball
2-0: Fly out, F8 (Line Drive, 8RD)
Bottom of the 7th over - 1 run(s), 1 hit(s), 0 error(s), 2 left on base; Atlanta 0 - Chicago 8
TOP OF THE 8TH
Atlanta Smoke batting - Pitching for Chicago Gold Sox : RHP Raúl Areola
Now at C: Earnest Veeck
Batting: LHB Albert Morán 0-0: TRIPLE (Flyball, 89XD)
Pitching: LHP Motoyuki Nakamura
Batting: RHB Cale Sutton 0-0: Foul Ball, location: 2F
0-1: Swinging Strike
0-2: Strikes out swinging
Batting: LHB Mike Silver 0-0: Ball
1-0: Ball
2-0: Called Strike
2-1: Ball
3-1: Ground out 1-3 (Groundball, 15S)
Pinch Hitting: RHB Hubert Dodson 0-0: Called Strike
0-1: Ball
1-1: Ball
2-1: Ball
3-1: Base on Balls
Batting: LHB Armando Esparza 0-0: Ball
1-0: Ball
2-0: Ball
3-0: Called Strike
3-1: Foul Ball, location: 2F
3-2: SINGLE (Groundball, 34D)
Albert Morán scores
Hubert Dodson to second
Hubert Dodson to third
Batting: RHB Joe Craig 0-0: Foul Ball, location: 2F
0-1: Ball
1-1: SINGLE (Line Drive, 4MD)
Hubert Dodson scores
Armando Esparza to second
Batting: RHB Jeremy Christensen 0-0: Foul Ball, location: 2F
0-1: Called Strike
0-2: Strikes out swinging
Top of the 8th over - 2 run(s), 3 hit(s), 0 error(s), 2 left on base; Atlanta 2 - Chicago 8
BOTTOM OF THE 8TH
Chicago Gold Sox batting - Pitching for Atlanta Smoke : LHP Roberto Aguirre
Now at 3B: Mike Blue
Batting: LHB William Wise 0-0: Ball
1-0: Foul Ball, location: 2F
1-1: Ball
2-1: Swinging Strike
2-2: Ball
3-2: Foul Ball, location: 2F
3-2: SINGLE (Groundball, 34)
Batting: LHB Herman Hayes 0-0: Ball
1-0: Ball
2-0: Called Strike
2-1: 2-RUN HOME RUN (Flyball, 7D), Distance : 396 ft
Batting: RHB Tyrone Scott 0-0: Ball
1-0: Foul Ball, location: 2F
1-1: Foul Ball, location: 2F
1-2: Foul Ball, location: 2F
1-2: Fly out, F7 (Flyball, 78S)
Pitching: RHP John Dufour
Batting: RHB Chris Smith 0-0: Ground out 5-3 (Groundball, 5)
Batting: RHB Pablo Trujillo 0-0: Called Strike
0-1: Swinging Strike
0-2: Strikes out swinging
Bottom of the 8th over - 2 run(s), 2 hit(s), 0 error(s), 0 left on base; Atlanta 2 - Chicago 10
TOP OF THE 9TH
Atlanta Smoke batting - Pitching for Chicago Gold Sox : LHP Motoyuki Nakamura
Now at 3B: Alfredo López
Now at SS: Rod Jones
Batting: RHB Nathan Horton 0-0: Swinging Strike
0-1: Ball
1-1: Swinging Strike
1-2: Foul Ball, location: 2F
1-2: Ground out 6-3 (Groundball, 6M)
Batting: LHB Bernardo Elías 0-0: Ground out 5-3 (Groundball, 5S)
Batting: LHB Albert Morán 0-0: TRIPLE (Flyball, 8RXD)
Batting: RHB Cale Sutton 0-0: Ground out 4-3 (Groundball, 4M)
Top of the 9th over - 0 run(s), 1 hit(s), 0 error(s), 1 left on base; Atlanta 2 - Chicago 10
This league is powered by Out of the Park Baseball, the baseball management simulation game for PC, Mac and Linux
Friday, January 22nd, 2016 - OOTP Baseball 16.9 Build 39